 Dungeon Crawl Stone Soup version 0.32-a0-411-g744942f433 (webtiles) character file.

Game seed: 17781036428822324916

16247 lunkers the Skirmisher (level 12, -1/88 HPs)
             Began as a Coglin Hexslinger on Feb 21, 2024.
             Was a High Priest of Cheibriados.
             Slain by a yak (8 damage)
             ... on level 1 of the Lair of Beasts.
             The game lasted 00:21:43 (9735 turns).

lunkers the Skirmisher (Coglin Hexslinger)          Turns: 9735, Time: 00:21:44

Health: -1/88      AC: 11    Str: 27    XL:     12   Next: 35%
Magic:  14/14      EV: 17    Int: 26    God:    Cheibriados [*****.]
Gold:   613        SH:  0    Dex: 32    Spells: 2/13 levels left

rFire   . . .        a - +1 sling {José}
rCold   + . .        m - +4 sling (freeze) {Latda}
rNeg    + . .        q - +2 robe of Youthful Indiscretion {rCorr Slay+2 Archmagi}
rPois   .            e - +0 helmet
rElec   .            r - +1 cloak
rCorr   +            D - +0 pair of gloves
SInv    .            j - +2 pair of boots
Will    .....        (no amulet)
Stlth   ++           K - ring of protection from cold
HPRegen 0.34/turn    I - ring of positive energy
MPRegen 0.14/turn

%: archmagi
@: revved, very slow
A: off-hand wielding, slow wielding, warmup strikes, legs shutdown
a: Renounce Religion, Bend Time, Temporal Distortion, Slouch, Step From Time


You were on level 1 of the Lair of Beasts.
You worshipped Cheibriados.
Cheibriados was extremely pleased with you.
You visited 3 branches of the dungeon, and saw 12 of its levels.
You also visited: Sewer.

You collected 816 gold pieces.
You spent 203 gold pieces at shops.

Inventory:

Hand Weapons
 a - a +1 sling (weapon) {José}
 m - a +4 sling of freezing (offhand) {Latda}
 y - a +0 arbalest
Armour
 e - a +0 helmet (worn)
 f - a +0 troll leather armour
 j - a +2 pair of boots (worn)
 q - the +2 robe of Youthful Indiscretion (worn) {rCorr Slay+2 Archmagi}
   (You found it on level 2 of the Dungeon)

   Slay+2:    It affects your accuracy & damage with ranged weapons and melee
   (+2).
   rCorr:     It protects you from acid and corrosion.
   Archmagi:  It increases the power of your magical spells.
 r - a +1 cloak (worn)
 x - +0 swamp dragon scales
 D - a +0 pair of gloves (worn)
 M - +0 steam dragon scales
Jewellery
 H - a ring of resist corrosion
 I - a ring of positive energy (right grasper)
 K - a ring of protection from cold (left grasper)
Wands
 u - a wand of flame (17)
 C - a wand of light (5)
 G - a wand of polymorph (15)
Scrolls
 b - 2 scrolls of poison
 c - a scroll of fear
 d - 2 scrolls of fog
 h - 5 scrolls of enchant armour
 l - 2 scrolls of revelation
 t - 5 scrolls of teleportation
 E - a scroll of blinking
 F - a scroll of amnesia
 J - 2 scrolls of vulnerability
Potions
 g - 7 potions of resistance
 i - a potion of brilliance {unknown}
 k - 4 potions of heal wounds
 n - 4 potions of curing
 o - 3 potions of mutation
 p - a potion of might
 v - 3 potions of invisibility
 w - 2 potions of ambrosia
 z - 2 potions of attraction {unknown}
 A - a potion of degeneration {unknown}
 B - 3 potions of berserk rage {unknown}
 N - a potion of lignification {unknown}
Miscellaneous
 s - a tin of tremorstones (2/2)


   Skills:
 + Level 6.0 Fighting
 - Level 14.0 Ranged Weapons
 + Level 4.8 Dodging
 - Level 1.0 Spellcasting
 - Level 7.0 Hexes
 - Level 0.8 Fire Magic
 * Level 3.2 Invocations
 * Level 8.1 Evocations


You had 2 spell levels left.
You knew the following spells:

 Your Spells              Type           Power      Damage    Failure   Level
b - Cause Fear            Hex            27%        N/A       6%          4
c - Blink                 Tloc           2%         N/A       17%         2
o - Teleport Other        Tloc           1%         N/A       34%         3
p - Jinxbite              Hex            100%       N/A       1%          2

Your spell library contained the following spells:

 Spells                   Type           Power      Damage    Failure   Level
 Slow                     Hex            100%       N/A       1%          1
 Ensorcelled Hibernation  Hex/Ice        58%        N/A       4%          2
 Sandblast                Erth           2%         2d4       12%         1
 Shock                    Conj/Air       4%         1d3       12%         1
 Sting                    Conj/Alch      4%         1d3       12%         1
 Lesser Beckoning         Tloc           2%         N/A       17%         2
 Mercury Vapours          Alch/Air       2%         N/A       17%         2
 Momentum Strike          Conj/Tloc      2%         3d8       17%         2
 Confusing Touch          Hex            54%        N/A       1%          3
 Sigil of Binding         Hex            54%        N/A       1%          3
 Inner Flame              Hex/Fire       32%        N/A       7%          3
 Anguish                  Hex/Necr       14%        N/A       26%         4
 Dimensional Bullseye     Hex/Tloc       14%        N/A       26%         4
 Call Canine Familiar     Summ           1%         N/A       34%         3
 Fugue of the Fallen      Necr           1%         N/A       34%         3
 Gell's Gravitas          Tloc           1%         N/A       34%         3
 Passwall                 Erth           1%         N/A       34%         3
 Stone Arrow              Conj/Erth      2%         3d7       34%         3
 Summon Ice Beast         Ice/Summ       1%         N/A       34%         3
 Swiftness                Air            1%         N/A       34%         3
 Vampiric Draining        Necr           1%         2d6       34%         3
 Summon Mana Viper        Hex/Summ       29%        N/A       58%         5
 Airstrike                Air            0%         2d(1-17)  75%         4
 Brom's Barrelling Bould  Conj/Erth      1%         2d3       75%         4
 Olgreb's Toxic Radiance  Alch           1%         N/A       75%         4
 Irradiate                Conj/Alch      0%         3d11      97%         5
 Monstrous Menagerie      Summ           0%         N/A       100%        7
 Ignition                 Fire           4%         3d4       100%        8


Dungeon Overview and Level Annotations

Branches:
Dungeon (10/15)            Temple (1/1) D:5            Lair (1/5) D:8
    Orc (0/2) D:10          Sewer (visited)

Altars:
Ashenzari
Cheibriados
Dithmenos
Elyvilon
Fedhas
Gozag
Hepliaklqana
Kikubaaqudgha
Makhleb
Nemelex Xobeh
Okawaru
Qazlal
Ru
Sif Muna
Trog
Uskayaw
Vehumet
Wu Jian
Xom
Yredelemnul
Zin
The Shining One
Beogh

Shops:
D:5 (   D:7 ==   D:8 :   D:9 :?


Innate Abilities, Weirdness & Mutations

You can wield a second weapon in your off-hand.
It takes a long time for you to wield or remove held weapons.
Your first few attacks do less damage.
Attacking and casting redirects power from your legs.


Message History

Fire: a) +1 sling {José}
Press: ? - help, Q - select action, (/) - cycle Shift-Dir - straight line, f - yak
Aim: a yak (82% to hit)
You shoot a sling bullet. The sling bullet hits the yak.
The yak is lightly wounded.
You shoot a sling bullet. The sling bullet hits the yak!
The sling bullet freezes the yak.
The yak is moderately wounded.
The yak gores you!
* * * LOW HITPOINT WARNING * * *
Fire: a) +1 sling {José}
Press: ? - help, Q - select action, (/) - cycle Shift-Dir - straight line, f/p - yak
Aim: a yak (moderately wounded, 82% to hit)
You shoot a sling bullet. The sling bullet hits the yak.
The yak is moderately wounded.
You shoot a sling bullet. The sling bullet hits the yak!
The sling bullet freezes the yak!
The yak is almost dead.
Okay, then.
Fire: a) +1 sling {José}
Press: ? - help, Q - select action, (/) - cycle Shift-Dir - straight line, f/p - yak
Aim: a yak (almost dead, 82% to hit)
You shoot a sling bullet. The sling bullet hits the yak!
The sling bullet freezes the yak.
You kill the yak!
Cheibriados appreciates the change of pace.
You shoot a sling bullet.
Unknown command.
Fire: a) +1 sling {José}
Press: ? - help, Q - select action, (/) - cycle Shift-Dir - straight line, f - yak
Aim: a yak (82% to hit)
You shoot a sling bullet. The sling bullet hits the yak.
The sling bullet freezes the yak.
The yak is lightly wounded.
You shoot a sling bullet. The sling bullet hits the yak!
The yak is moderately wounded.
The yak gores you!
You die...
Cheibriados appreciates the motionlessness of death.

##......P# ..#
#.......# #.#
##....Y.# #..#
#...†..# #..#
##...†Y##...#
##)...#...# #####....#
#####Y....# ..
#.##.@†.>.# ...
##...÷...##
....#####.....<...#
......#......÷...##
#................###
#...........##.....#
..........#####....###
......#..## ##.....###
..).#...## #.....#.#


You could see a yak.

Vanquished Creatures
  A boulder beetle (D:9)
  2 two-headed ogres (D:9)
  A tengu warrior (D:9)
  2 orc knights (D:10)
  A deep elf pyromancer (D:9)
  An elephant (D:8)
  2 komodo dragons
  Maggie (D:6)
  A troll (D:9)
  A hornet (D:9)
  A slime creature (D:9)
  Sigmund (D:5)
  2 vampires
  2 wraiths (D:9)
  3 wyverns
  31 yaks
  A steam dragon (D:9)
  4 water moccasins
  2 acid dragons (D:9)
  Pargi (Sewer)
  5 orc warriors
  An ice beast (D:7)
  2 black bears
  A centaur (D:8)
  3 wolves (Lair:1)
  5 kobold brigands
  2 brain worms (Sewer)
  7 bullfrogs
  4 scorpions
  8 wights
  10 killer bees
  3 howler monkeys (D:9)
  3 bombardier beetles
  3 hounds (D:5)
  5 orc priests
  2 iguanas
  16 orc wizards
  A mummy (D:4)
  4 gnolls (D:7)
  6 adders
  2 river rats (D:3)
  A shadow imp (D:6)
  A white imp (D:7)
  A ribbon worm (D:5)
  42 orcs
  8 ball pythons
  5 endoplasms
  7 giant cockroaches
  9 goblins
  5 hobgoblins
  2 jackals (D:3)
  27 kobolds
  3 quokkas
  3 bats
  4 frilled lizards
  2 hobgoblin zombies (D:4)
  2 kobold zombies (D:4)
  5 rats
281 creatures vanquished.

Notes
Turn   | Place    | Note
-------+----------+-------------------------------------------
     0 | D:1      | lunkers the Coglin Hexslinger began the quest for the Orb.
     0 | D:1      | Reached XP level 1. HP: 15/15 MP: 2/2
    32 | D:1      | Reached skill level 2 in Ranged Weapons
    78 | D:1      | Reached XP level 2. HP: 21/21 MP: 3/3
   274 | D:1      | Reached skill level 3 in Ranged Weapons
   275 | D:1      | Found a faded altar of an unknown god.
   284 | D:1      | Reached XP level 3. HP: 26/26 MP: 4/4
  1177 | D:2      | Reached XP level 4. HP: 32/32 MP: 5/5
  1398 | D:2      | Reached skill level 4 in Ranged Weapons
  1401 | D:2      | Learned a level 2 spell: Jinxbite
  1461 | D:2      | Identified the +2 robe of Youthful Indiscretion {rCorr
                  | Slay+2 Archmagi}
  2006 | D:3      | Reached XP level 5. HP: 35/37 MP: 1/6
  2024 | D:3      | Found a glowing drain.
  2042 | Sewer    | Entered a sewer
  2045 | Sewer    | Noticed Pargi
  2060 | Sewer    | Reached skill level 5 in Ranged Weapons
  2074 | Sewer    | Killed Pargi
  2075 | Sewer    | Reached XP level 6. HP: 37/43 MP: 0/7
  2219 | Sewer    | Reached skill level 6 in Ranged Weapons
  2588 | D:3      | Reached XP level 7. HP: 48/48 MP: 5/8
  2672 | D:3      | Found a hide-covered altar of Uskayaw.
  2991 | D:4      | Reached skill level 7 in Ranged Weapons
  3609 | D:5      | Entered Level 5 of the Dungeon
  3820 | D:5      | Found a staircase to the Ecumenical Temple.
  3837 | D:5      | Reached skill level 8 in Ranged Weapons
  3844 | Temple   | Entered the Ecumenical Temple
  3865 | Temple   | Became a worshipper of Cheibriados the Contemplative
  3897 | D:5      | Reached XP level 8. HP: 53/54 MP: 9/9
  3980 | D:5      | Noticed Sigmund
  3982 | D:5      | Killed Sigmund
  4074 | D:5      | Found Vesum's Weapon Shoppe.
  4082 | D:5      | Bought a +3 sling for 203 gold pieces
  4181 | D:5      | Reached skill level 9 in Ranged Weapons
  4529 | D:5      | Reached * piety under Cheibriados
  4592 | D:5      | Found a shimmering blue altar of Sif Muna.
  4607 | D:5      | Learned a level 3 spell: Teleport Other
  4612 | D:5      | Learned a level 4 spell: Cause Fear
  4734 | D:6      | Noticed Maggie
  4743 | D:6      | Killed Maggie
  4785 | D:6      | Reached skill level 10 in Ranged Weapons
  4785 | D:6      | Reached XP level 9. HP: 51/59 MP: 8/10
  5131 | D:6      | Found a bloodstained altar of Trog.
  5674 | D:7      | Found a glowing golden altar of the Shining One.
  5710 | D:7      | Reached ** piety under Cheibriados
  6073 | D:7      | Found Tis Vufu's Jewellery Emporium.
  6105 | D:7      | Reached skill level 11 in Ranged Weapons
  6105 | D:7      | Reached skill level 5 in Hexes
  6159 | D:7      | Found Ityhown's Jewellery Shop.
  6410 | D:8      | Noticed an elephant
  6420 | D:8      | Killed an elephant
  6421 | D:8      | Reached XP level 10. HP: 65/65 MP: 9/11
  6436 | D:8      | Reached *** piety under Cheibriados
  6437 | D:8      | Reached skill level 1 in Evocations
  6537 | D:8      | Reached skill level 12 in Ranged Weapons
  6666 | D:8      | Found a staircase to the Lair.
  6741 | D:8      | Found Peskewk's Book Emporium.
  7063 | D:9      | Reached skill level 5 in Evocations
  7243 | D:9      | Noticed a two-headed ogre
  7249 | D:9      | Killed a two-headed ogre
  7249 | D:9      | Reached **** piety under Cheibriados
  7250 | D:9      | Reached skill level 13 in Ranged Weapons
  7250 | D:9      | Reached XP level 11. HP: 70/70 MP: 9/12
  7274 | D:9      | Noticed a two-headed ogre
  7281 | D:9      | Killed a two-headed ogre
  7359 | D:9      | Noticed a boulder beetle
  7377 | D:9      | Killed a boulder beetle
  7500 | D:9      | Noticed a tengu warrior
  7502 | D:9      | Killed a tengu warrior
  7503 | D:9      | Reached skill level 14 in Ranged Weapons
  7516 | D:9      | Noticed a deep elf pyromancer
  7523 | D:9      | Killed a deep elf pyromancer
  7560 | D:9      | Learned a level 2 spell: Blink
  7908 | D:9      | Found an ornate altar of the Wu Jian Council.
  7945 | D:9      | Found Letaot's Book Shoppe.
  8075 | D:9      | Reached skill level 5 in Fighting
  8088 | D:9      | Found an iron altar of Okawaru.
  8216 | D:9      | Found Sek Rady's Magic Scroll Shoppe.
  8323 | D:10     | Entered Level 10 of the Dungeon
  8324 | D:10     | Reached ***** piety under Cheibriados
  8560 | D:10     | Found a staircase to the Orcish Mines.
  8622 | D:10     | Reached skill level 1 in Invocations
  8713 | D:10     | Noticed an orc knight
  8730 | D:10     | Reached XP level 12. HP: 72/86 MP: 13/13
  9056 | D:10     | Found a roughly hewn altar of Beogh.
  9485 | Lair:1   | Entered Level 1 of the Lair of Beasts
  9709 | Lair:1   | Noticed a catoblepas
  9735 | Lair:1   | Slain by a yak

Illustrated notes

Levels and vault maps discovered:
D:1:      shiori_arrival_elements, layout_basic, ebering_ecumenical_altar_mist
D:2:      layout_loops_corners
D:3:      layout_rooms, mainiacjoe_overflow_chevrons, gup_sewer_entry_bowl,
          dk_noncrumbling_3
D:4:      nicolae_cairo_tiling_large, layout_rooms, minmay_mini_ossuary
D:5:      cheibrodos_thug_alley, layout_loops_ring,
          nicolae_overflow_hidden_temple, temple_statues, serial_shops,
          nicolae_shop_getting_attention, uniq_sigmund
D:6:      layout_basic, mainiacjoe_overflow_brackets, serial_aquarium,
          aquarium_bridge_square [aquarium_subvault_wall,
          aquarium_subvault_window, aquarium_subvault_bridge,
          aquarium_subvault_bridge], aquarium_bridge_long_separate
          [aquarium_subvault_bridge, aquarium_subvault_wall,
          aquarium_subvault_bridge, aquarium_subvault_bridge,
          aquarium_subvault_bridge, aquarium_subvault_balcony],
          aquarium_window_2, aquarium_window_fake, aquarium_window_1,
          aquarium_view_2d, aquarium_view_2d, uniq_maggie
D:7:      layout_rooms, mainiacjoe_overflow_cross_hatched, serial_shops,
          nicolae_shop_behind_doors, kennysheep_windowed_goal
D:8:      layout_loops_ring, grunt_lair_entry_orc_guard_hut, serial_shops, shop,
          kb_lookout_dungeons_type
D:9:      minmay_the_grid_plus [minmay_the_grid_doors, minmay_the_grid_rooms,
          minmay_the_grid_box_x, minmay_the_grid_slots,
          minmay_the_grid_prize_four_corners], layout_loops_ring,
          lemuel_round_altar, okawaru_ov_weapons_minmay, serial_shops,
          kennysheep_mini_moat, nicolae_shop_trees, enter_bailey_5,
          chequers_serial_rivers_micro_c, amcnicky_mini_corridor_feature
D:10:     layout_loops_ring, orc_0_dummy, lightli_church_of_beogh
Temple:   nicolae_temple_elliptical
Lair:1:   layout_cave_pods

Skill      XL: |  1  2  3  4  5  6  7  8  9 10 11 12 |
---------------+-------------------------------------+-----
Ranged Weapons | 2 3 4 5 6 8 10 11 13 14 | 14.0
Hexes          | 3 5 7 |  7.0
Evocations     | 5 6 8 |  8.1
Fighting       | 5 6 |  6.0
Dodging        | 4 |  4.8
Invocations    | 1 3 |  3.2
Spellcasting   | |  1.0
Fire Magic     | |  0.8

Action                     |  1- 3 |  4- 6 |  7- 9 | 10-12 || total
---------------------------+-------+-------+-------+-------++-------
   Fire: Sling             |    77 |   118 |   451 |   838 ||  1484
   Cast: Jinxbite          |       |    15 |    20 |     8 ||    43
         Cause Fear        |       |       |       |     1 ||     1
  Evoke: Tin of tremorston |       |       |     3 |     1 ||     4
         Wand              |       |       |       |    10 ||    10
    Use: Scroll            |       |    10 |     5 |     7 ||    22
         Potion            |       |       |       |     1 ||     1
 Armour: Robe              |     9 |    51 |    65 |    82 ||   207
         Skin              |       |       |       |     1 ||     1
  Dodge: Dodged            |     9 |    60 |    57 |    68 ||   194

Table legend: (Time is in decaauts)
 A = Elapsed time spent in this place.
 B = Non-inter-level travel time spent in this place.
 C = Inter-level travel time spent in this place.
 D = Time resting spent in this place.
 E = Time spent auto-exploring this place.
 F = Levels seen in this place.
 G = Mean time per level.
                   A        B        C        D        E       F      G
               +--------+--------+--------+--------+--------+-----+--------+
         Total |  11918 |  11399 |    519 |     84 |   9566 |  13 |  916.8 |
       Dungeon |  11201 |  10714 |    487 |     54 |   9081 |  10 | 1120.1 |
        Temple |     39 |      9 |     30 |      0 |      7 |   1 |   39.0 |
          Lair |    340 |    340 |      0 |      0 |    254 |   1 |  340.0 |
         Sewer |    336 |    336 |      0 |     30 |    223 |   1 |  336.0 |
               +--------+--------+--------+--------+--------+-----+--------+

Top non-repeatable levels by time:
     D:9: 1881 daAuts
    D:10: 1696 daAuts
     D:5: 1191 daAuts
     D:8: 1084 daAuts
     D:6: 1043 daAuts
     D:7: 985 daAuts
     D:1: 929 daAuts
     D:2: 899 daAuts
     D:4: 801 daAuts
     D:3: 687 daAuts
  Lair:1: 340 daAuts
   Sewer: 336 daAuts
  Temple: 39 daAuts
